 Dungeon Crawl Stone Soup version 0.29-a0-43-g62a80824bf (webtiles) character file.

Game seed: 16920114682187831195

177 Dordric the Shooter (level 5, -1/29 HPs)
             Began as a Deep Elf Hunter on Feb 3, 2022.
             Killed from afar by a white imp (4 damage)
             ... with a puff of frost
             ... summoned by Natasha
             ... on level 3 of the Dungeon.
             The game lasted 00:02:53 (2971 turns).

Dordric the Shooter (Deep Elf Hunter)               Turns: 2971, Time: 00:02:55

Health: -1/29      AC:  8    Str:  9    XL:     5   Next: 31%
Magic:  7/7        EV: 12    Int: 16    God:
Gold:   154        SH:  0    Dex: 17    Spells: 4/4 levels left

rFire   . . .      SeeInvis .   l - +0 rapier
rCold   . . .      Faith    .   (no shield)
rNeg    . . .      Spirit   .   c - +1 leather armour
rPois   .          Reflect  .   (no helmet)
rElec   .          Harm     .   (no cloak)
rCorr   .          Rampage  .   (no gloves)
Will    .....                   (no boots)
Stlth   ++........              (no amulet)
HPRegen 0.09/turn               o - +4 ring of protection
MPRegen 0.10/turn               (no ring)

@: slowed, very slow
A: no striking features
a: no special abilities


You were on level 3 of the Dungeon.
You visited 1 branch of the dungeon, and saw 3 of its levels.

You collected 154 gold pieces.

Inventory:

Hand Weapons
 a - a +1 shortbow
 b - a +0 short sword
 l - a +0 rapier (weapon)
Armour
 c - a +1 leather armour (worn)
Jewellery
 o - a +4 ring of protection (left hand)
Scrolls
 f - a scroll of vulnerability {unknown}
 g - 3 scrolls of enchant armour
 j - a scroll of torment {unknown}
 m - a scroll of amnesia {unknown}
 n - 2 scrolls of fog {unknown}
 p - 2 scrolls of identify {unknown}
 q - a scroll of silence {unknown}
 r - a scroll of immolation {unknown}
 s - a scroll of blinking {unknown}
Potions
 e - a potion of lignification {unknown}
 h - 2 potions of brilliance {unknown}
 i - a potion of haste {unknown}
 k - a potion of heal wounds {unknown}


   Skills:
 - Level 1.5 Fighting
 + Level 2.2 Short Blades
 + Level 7.2 Bows
 - Level 2.4 Dodging
 + Level 3.6 Stealth


You had 4 spell levels left.
You didn't know any spells.
Your spell library contained the following spells:

 Spells                   Type           Power      Damage    Failure   Level
 Corpse Rot               Necr/Air       0%         N/A       47%         2
 Static Discharge         Conj/Air       0%         N/A       47%         2
 Dispel Undead            Necr           0%         3d6       98%         4
 Sticky Flame             Conj/Fire      0%         2d3       98%         4
 Death Channel            Necr           0%         N/A       100%        6


Dungeon Overview and Level Annotations

Branches:
Dungeon (3/15)

Altars:
Qazlal

Annotations:
D:3 Natasha


Message History

You do not have any ammo quivered for your +1 shortbow.
You do not have any ammo quivered for your +1 shortbow.
Natasha is nearby!
Natasha is nearby!
Natasha is nearby!
l - a +0 rapier (weapon)
Natasha barely misses you.
You hit Natasha.
Natasha is moderately wounded.
Natasha mumbles some strange words.
You closely miss Natasha.
Natasha is moderately wounded.
Natasha closely misses you. The white imp barely misses you. Natasha claws you.
You barely miss Natasha.
Natasha is moderately wounded.
The white imp gestures at you. The puff of frost hits you.
Natasha closely misses you. The white imp hits you. The white imp freezes you.
Natasha claws you!
You hit Natasha.
Natasha is heavily wounded.
The white imp hits you but does no damage.
Natasha barely misses you.
You hit Natasha.
Natasha is severely wounded.
The white imp hits you.
* * * LOW HITPOINT WARNING * * *
The white imp freezes you.
* * * LOW HITPOINT WARNING * * *
Natasha barely misses you. The white imp closely misses you.
Natasha casts a spell.
As you read the scroll labelled USTRIO WIETZEORPH, it crumbles to dust.
It is a scroll of enchant armour.
Your +0 leather armour glows green for a moment.
The white imp gestures at you. The puff of frost hits you.
* * * LOW HITPOINT WARNING * * *
Natasha claws you but does no damage. The white imp gestures at you.
The puff of frost hits you.
You die...

#.#
##......#####.......#
#..
(.######....##.......#
#### . ####.##.......#
. #.##.......# #.
#..........# #(##
#..........##
...#####.##.........
#)#.....##.......#.
#5@5....##†......##
##h.........)......
#.......####.##.##
........## #....#
###(.....# ###..###
#(.....# #....#
##(....# #....#
..((#.####....#
#.............####


You could see Natasha, a crimson imp (summoned) and a white imp (summoned).

Vanquished Creatures
  A bullfrog skeleton (D:3)
  Ijyb (D:3)
  Natasha (twice) (D:3)
  2 adders
  2 orcs (D:3)
  6 bats
  7 endoplasms
  5 giant cockroaches
  2 goblins
  A hobgoblin (D:3)
  4 jackals (D:2)
  5 kobolds
  A quokka (D:2)
  4 ball pythons
  3 frilled lizards
  12 rats
58 creatures vanquished.

Notes
Turn   | Place    | Note
-------+----------+-------------------------------------------
     0 | D:1      | Dordric the Deep Elf Hunter began the quest for the Orb.
     0 | D:1      | Reached XP level 1. HP: 12/12 MP: 3/3
   173 | D:1      | Reached XP level 2. HP: 16/16 MP: 4/4
   221 | D:1      | Reached skill level 6 in Bows
   740 | D:2      | Found a faded altar of an unknown god.
   958 | D:2      | Reached XP level 3. HP: 20/20 MP: 5/5
  2083 | D:3      | Reached skill level 1 in Short Blades
  2238 | D:3      | Found a stormy altar of Qazlal.
  2469 | D:3      | Noticed Natasha
  2482 | D:3      | Killed Natasha
  2483 | D:3      | Reached XP level 4. HP: 13/25 MP: 6/6
  2534 | D:3      | Noticed Natasha
  2540 | D:3      | Killed Natasha
  2541 | D:3      | Reached skill level 7 in Bows
  2541 | D:3      | Reached XP level 5. HP: 20/29 MP: 7/7
  2768 | D:3      | Noticed Ijyb
  2787 | D:3      | Killed Ijyb
  2959 | D:3      | Noticed Natasha
  2971 | D:3      | Killed from afar by a white imp

Illustrated notes

Levels and vault maps discovered:
D:1:      evilmike_arrival_home_sweet_home, layout_rooms, serial_corexii_hall,
          chequers_hall_statues_wall_a, chequers_hall_statues_wall_a,
          minmay_rat_gold_closets
D:2:      layout_basic, basic_ecumenical_altar
D:3:      layout_rooms, nicolae_qazlal_scattered_showers, portal_sewer_entry_b,
          st_stairs_14, uniq_natasha, uniq_ijyb

Skill      XL: |  1  2  3  4  5 |
---------------+----------------+-----
Bows           | 6 7 |  7.2
Stealth        | 2 3 |  3.6
Short Blades   | 1 2 |  2.2
Fighting       | |  1.5
Dodging        | |  2.4

Action                   |  1- 3 |  4- 6 || total
-------------------------+-------+-------++-------
Melee: Rapier            |    89 |     5 ||    94
       Short sword       |     9 |       ||     9
       Punch             |     1 |       ||     1
 Fire: Shortbow          |    46 |    51 ||    97
  Use: Scroll            |       |     1 ||     1
 Stab: Sleeping          |     7 |       ||     7
Armor: Leather armour    |    33 |    13 ||    46
Dodge: Dodged            |    70 |    21 ||    91

Table legend: (Time is in decaauts)
 A = Elapsed time spent in this place.
 B = Non-inter-level travel time spent in this place.
 C = Inter-level travel time spent in this place.
 D = Time resting spent in this place.
 E = Time spent auto-exploring this place.
 F = Levels seen in this place.
 G = Mean time per level.
                   A        B        C        D        E       F      G
               +--------+--------+--------+--------+--------+-----+--------+
         Total |   2985 |   2917 |     68 |      0 |   2483 |   3 |  995.0 |
       Dungeon |   2985 |   2917 |     68 |      0 |   2483 |   3 |  995.0 |
               +--------+--------+--------+--------+--------+-----+--------+

Top non-repeatable levels by time:
     D:2: 1363 daAuts
     D:3: 926 daAuts
     D:1: 695 daAuts
